 Dungeon Crawl Stone Soup version 0.26-a0-466-g989023bd0d (webtiles) character file.

Game seed: 9376188999776718275

25 vurker the Chiller (level 3, -9/22 HPs)
             Began as an Octopode Ice Elementalist on Aug 8, 2020.
             Mangled by Sigmund
             ... wielding a +0 scythe
              (16 damage)
             ... on level 2 of the Dungeon.
             The game lasted 00:02:01 (1443 turns).

vurker the Chiller (Octopode Ice Elementalist)      Turns: 1443, Time: 00:02:01

Health: -9/22      AC:  1    Str:  3    XL:     3   Next: 6%
Magic:  4/6        EV: 13    Int: 18    God:
Gold:   58         SH:  0    Dex: 12    Spells: 3/7 levels left

rFire    + . .     SeeInvis .   d - +0 short sword
rCold    + . .     Faith    .   (no shield)
rNeg     . . .     Spirit   .   (helmet restricted)
rPois    +         Reflect  .   (no amulet)
rElec    +         Harm     .   a - ring of attention (curse)
rCorr    +                      f - -4 ring of strength (curse)
MR       .....                  (no ring)
Stlth    ++........             (no ring)
HPRegen  0.07/turn              (no ring)
MPRegen  0.10/turn              (no ring)
                                (no ring)
                                (no ring)

@: resistant, stab, flying
A: almost no armour, stealthy swim, amphibious, 8 rings, constrict 8, camouflage
1, gelatinous body 1
a: no special abilities


You were on level 2 of the Dungeon.
You visited 1 branch of the dungeon, and saw 2 of its levels.

You collected 58 gold pieces.

Inventory:

Hand Weapons
 d - a +0 short sword (weapon)
   (You took it off a kobold on level 1 of the Dungeon)
Jewellery
 a - a cursed ring of attention (left tentacle)
   (You found it on level 1 of the Dungeon)
 f - a cursed -4 ring of strength (right tentacle)
   (You found it on level 1 of the Dungeon)
Scrolls
 b - 2 scrolls of identify {unknown}
 c - a scroll of enchant armour {unknown}
 h - a scroll of teleportation {unknown}
 j - a scroll of fear {unknown}
Potions
 e - a potion of flight


   Skills:
 + Level 0.9 Fighting
 - Level 2.0 Dodging
 - Level 2.6 Stealth
 * Level 2.5 Spellcasting
 * Level 4.3 Ice Magic


You had 3 spell levels left.
You knew the following spells:

 Your Spells              Type           Power        Failure   Level
a - Freeze                Ice            ###.         2%          1
b - Frozen Ramparts       Ice            ###...       9%          3

Your spell library contained the following spells:

 Spells                   Type           Power        Failure   Level
 Ozocubu's Armour         Ice            ###.....     9%          3
 Hailstorm                Conj/Ice       ##......     56%         4
 Summon Ice Beast         Ice/Summ       ##......     56%         4


Dungeon Overview and Level Annotations

Branches:
Dungeon (2/15)

Altars:

Annotations:
D:2 Sigmund


Innate Abilities, Weirdness & Mutations

You cannot wear most types of armour.
You are very stealthy in the water. (Stealth+)
You are amphibious.
You can wear up to eight rings at the same time.
You can use your tentacles to constrict eight enemies at once.
Your skin changes colour to match your surroundings (Stealth+).
Your rubbery body absorbs attacks. (AC +1, EV +1)


Message History

You hit the quokka but do no damage.
You constrict the quokka, but do no damage.
The quokka bites you.
A quokka is nearby!
You hit the quokka.
You kill the quokka!
No target in view!
You see here a quokka corpse.
Sigmund is nearby!
You see here 7 gold pieces.
Sigmund is nearby!
Sigmund is nearby!
Sigmund is nearby!
The spell is quite dangerous to cast (9% risk of failure)!
Continue anyway?
The walls around you are covered in ice.
Sigmund shouts!
Sigmund resists.
The wall freezes Sigmund.
Sigmund closely misses you.
An adder comes into view.
The adder moves out of view.
Sigmund resists.
The wall freezes Sigmund.
Sigmund casts a spell at you. The puff of flame hits you!
The frozen ramparts melt away.
Sigmund casts a spell at you.
You are confused.
Sigmund points at you and mumbles some strange words.
You are more confused.
You're too confused to cast spells.
You bump into the rock wall.
It was a potion of flight.
You feel very buoyant.
You fly up into the air.
It was a potion of resistance.
You feel protected. Sigmund closely misses you.
It was a potion of stabbing.
You feel ready to backstab.
Sigmund points at you and mumbles some strange words.
The magic dart hits you.
* * * LOW HITPOINT WARNING * * *
Sigmund hits you with a +0 scythe.
* * * LOW HITPOINT WARNING * * *
You bump into the rock wall.
You bump into the rock wall.
Sigmund hits you but does no damage.
You bump into the rock wall.
You feel less confused. Sigmund hits you with a +0 scythe!
Ouch! That really hurt!
You die...

#......#.. .... #......#.# #.#.
#.....<#.#.#.#.###+#
#......#.#.#.#(....##
#########..........#.##.....#
...#....+....$.#.###........#
##.#....#......#.# #....<...#
...........###.#@# #........#
...#.........#†#@# #........#
........#......#.# #..))....#
......<.+.#..###.# #.###.####
........####.###.###.###+####
........+ #............†...#
........# ##.##.#..........#
###.....##.##..#.#.............
###.####....................#
#.# #####.#.#............#


You could see Sigmund.

Vanquished Creatures
  An adder (D:2)
  A worm (D:2)
  A bat (D:2)
  A giant cockroach (D:1)
  2 hobgoblins (D:1)
  A quokka (D:2)
  3 frilled lizards
  A goblin (D:1)
  3 kobolds (D:1)
  2 rats (D:1)
16 creatures vanquished.

Notes
Turn   | Place    | Note
-------+----------+-------------------------------------------
     0 | D:1      | vurker the Octopode Ice Elementalist began the quest for
                  | the Orb.
     0 | D:1      | Reached XP level 1. HP: 11/11 MP: 3/3
   404 | D:1      | Reached XP level 2. HP: 11/18 MP: 0/5
  1086 | D:2      | Noticed Sigmund
  1201 | D:2      | Reached XP level 3. HP: 10/22 MP: 3/6
  1206 | D:2      | Learned a level 3 spell: Frozen Ramparts
  1443 | D:2      | Mangled by Sigmund

Illustrated notes

Levels and vault maps discovered:
D:1:      ebering_hopf_link, layout_loops_ring, minmay_misc_feat_iff,
          grunt_decor_arrowhead
D:2:      layout_basic, grunt_dithmenos_smoke_and_mirrors,
          minmay_rat_gold_closets, uniq_jessica, uniq_sigmund

Action                   || total
-------------------------++-------
Melee: Unarmed           ||    17
       Constrict         ||     6
       Tentacles         ||     5
       Short sword       ||    16
 Cast: Freeze            ||    11
       Frozen Ramparts   ||     1
  Use: Potion            ||     3
 Stab: Sleeping          ||     3
Armor: Skin              ||     4
Dodge: Dodged            ||    36

Table legend: (Time is in decaauts)
 A = Elapsed time spent in this place.
 B = Non-inter-level travel time spent in this place.
 C = Inter-level travel time spent in this place.
 D = Time resting spent in this place.
 E = Time spent auto-exploring this place.
 F = Levels seen in this place.
 G = Mean time per level.
                   A        B        C        D        E       F      G
               +--------+--------+--------+--------+--------+-----+--------+
         Total |   1444 |   1355 |     89 |      0 |   1208 |   2 |  722.0 |
       Dungeon |   1444 |   1355 |     89 |      0 |   1208 |   2 |  722.0 |
               +--------+--------+--------+--------+--------+-----+--------+

Top non-repeatable levels by time:
     D:1: 980 daAuts
     D:2: 464 daAuts
